 Dungeon Sprint DCSS version 0.31-a0-182-gc5ef74bbde (webtiles) character file.

Game seed: 15893932902717036874

3746191 rocky1 the Swordmaster (level 21, 224/224 HPs)
             Began as a Demonspawn Gladiator on June 22, 2023.
             Was the Champion of Cheibriados.
             Escaped with the Orb
             ... and 3 runes!
             The game lasted 01:07:27 (18054 turns).

rocky1 the Swordmaster (Demonspawn Gladiator)      Turns: 18054, Time: 01:07:27

Health: 224/224    AC: 66    Str: 32    XL:     21   Next: 34%
Magic:  52/52      EV: 45    Int: 26    God:    Cheibriados [******]
Gold:   248        SH:  4    Dex: 50    Spells: 54/74 levels left

rFire   + . .        n - +11 demon blade (flame)
rCold   + . .        Q - orb of Dispater {+Damnation *Corrode AC+5}
rNeg    + . .        i - +14 gold dragon scales
rPois   +            y - +4 helmet of the Ladybird {rPois Str+2 Dex+4}
rElec   +            b - +4 dragonskin cloak
rCorr   +            (gloves unavailable)
SInv    .            C - +2 pair of boots
Will    ++...        r - amulet "Meajyan" {Acrobat Dex+5 Slay+3} Stlth
                     F - ring of Namint Mozu {rElec rPois rN+ Slay+3 Stlth-}
HPRegen 0.57/turn    z - ring "Oleq" {Will+ rCorr Dex+2 Stlth+}
MPRegen 0.66/turn

%: no teleportation, corrode self (3%), acrobat, guardian spirit
@: studying 2 skills, very slow
A: claws 3, icemail 1, augmentation 2, magic shield, magic regeneration, magic
link, sanguine armour 3, condensation shield, mutation resistance 1, robust 1
0: Orb of Zot
}: 3/3 runes: silver, golden, iron
a: Renounce Religion, Evoke Damnation, Bend Time, Temporal Distortion, Slouch,
Step From Time


You escaped.
You worshipped Cheibriados.
Cheibriados was exalted by your worship.
You visited 1 branch You collected 248 gold pieces.

Inventory:

Hand Weapons
 n - a +11 demon blade of flaming (weapon)
 s - the +13 sceptre of Asmodeus
   (You took it off Asmodeus in the Dungeon)

   Fire Summon: It may summon demons of flame and damnation when striking foes.
Missiles
 d - 3 throwing nets (quivered)
 e - 11 javelins
Armour
 b - the +4 dragonskin cloak (worn)
   (You took it off Tiamat in the Dungeon)

   Avatar's Aegis: It grants the wearer a chance to resist fire, cold, poison,
   electricity, acid, and negative energy.
 i - +14 gold dragon scales (worn)
 t - the +1 buckler of the Untouchables {Dex+2}
   (You found it in the Dungeon)

   Dex:       It affects your dexterity (+2).
 y - the +4 helmet of the Ladybird (worn) {rPois Str+2 Dex+4}
   (You found it in the Dungeon)

   Str:       It affects your strength (+2).
   Dex:       It affects your dexterity (+4).
   rPois:     It protects you from poison.
 C - a +2 pair of boots (worn)
 Q - the orb of Dispater (worn) {+Damnation *Corrode AC+5}
   (You took it off Dispater in the Dungeon)

   +Damnation: It grants the ability to hurl damnation at the cost of health and
   magic, with strength depending on Evocations skill.
   AC:        It affects your AC (+5).
   *Corrode:  It may corrode you when you take damage.
 T - an orb of light
Jewellery
 r - the amulet "Meajyan" (around neck) {Acrobat Dex+5 Slay+3}
   (You found it in the Dungeon)

   [amulet of the acrobat]

   It increases your evasion while moving and waiting.
   Dex:       It affects your dexterity (+5).
   Slay:      It affects your accuracy & damage with ranged weapons and melee
   (+3).
 z - the ring "Oleq" (right claw) {Will+ rCorr Dex+2 Stlth+}
   (You found it in the Dungeon)

   [ring of willpower]

   Dex:       It affects your dexterity (+2).
   rCorr:     It protects you from acid and corrosion.
   Will:      It increases your willpower.
   Stlth:     It makes you more stealthy.
 F - the ring of Namint Mozu (left claw) {rElec rPois rN+ Slay+3 Stlth-}
   (You found it in the Dungeon)

   [ring of positive energy]

   Slay:      It affects your accuracy & damage with ranged weapons and melee
   (+3).
   rElec:     It insulates you from electricity.
   rPois:     It protects you from poison.
   rN:        It protects you from negative energy.
   Stlth:     It makes you less stealthy.
Scrolls
 c - a scroll of immolation
 m - 5 scrolls of amnesia
 G - 3 scrolls of fear
 I - 3 scrolls of identify
 J - 5 scrolls of enchant weapon
 L - 2 scrolls of fog
 M - 4 scrolls of enchant armour
Potions
 f - 11 potions of curing
 g - 4 potions of mutation
 h - 2 potions of magic
 j - 6 potions of berserk rage
 l - 2 potions of invisibility
 o - 12 potions of heal wounds
 D - a potion of enlightenment
 H - 3 potions of brilliance
 K - 2 potions of resistance
Miscellaneous
 S - a tin of tremorstones (2/2)
 V - a lightning rod (4/4)
 W - a sack of spiders


   Skills:
 O Level 27 Fighting
 O Level 27 Long Blades
 + Level 17.3 Throwing
 O Level 27 Armour
 O Level 27 Dodging
 O Level 27 Spellcasting
 + Level 18.6 Summonings
 - Level 13.2 Transmutations
 O Level 27 Fire Magic
 + Level 17.2 Air Magic
 + Level 17.2 Earth Magic
 O Level 27 Invocations
 + Level 18.3 Evocations


You had 54 spell levels left.
You knew the following spells:

 Your Spells              Type           Power      Damage    Failure   Level
a - Ignition              Fire           71%        3d19      1%          8
b - Wereblood             Tmut           100%       N/A       1%          2
c - Animate Armour        Summ/Erth      100%       N/A       1%          4
d - Plasma Beam           Fire/Air       66%        2x1d83    1%          6

Your spell library contained the following spells:

 Spells                   Type           Power      Damage    Failure   Level
 Foxfire                  Conj/Fire      100%       2x1d9     0%          1
 Summon Small Mammal      Summ           100%       N/A       0%          1
 Passwall                 Tmut/Erth      97%        N/A       0%          2
 Call Canine Familiar     Summ           100%       N/A       0%          3
 Swiftness                Air            100%       N/A       0%          3
 Shock                    Conj/Air       100%       1d9       1%          1
 Cigotuvi's Dreadful Rot  Necr/Pois/Air  100%       N/A       1%          2
 Poisonous Vapours        Pois/Air       100%       N/A       1%          2
 Ignite Poison            Fire/Tmut/Pois 100%       N/A       1%          3
 Mephitic Cloud           Conj/Pois/Air  87%        N/A       1%          3
 Summon Guardian Golem    Hex/Summ       100%       N/A       1%          3
 Volatile Blastmotes      Fire/Tloc      100%       2d18      1%          3
 Airstrike                Air            61%        2d(9-25)  1%          4
 Sticky Flame             Conj/Fire      100%       2d11      1%          4
 Summon Ice Beast         Ice/Summ       100%       N/A       1%          4
 Summon Lightning Spire   Summ/Air       100%       N/A       1%          4
 Blade Hands              Tmut           56%        N/A       1%          5
 Fireball                 Conj/Fire      56%        3d22      1%          5
 Summon Cactus Giant      Summ           63%        N/A       1%          6
 Summon Hydra             Summ           63%        N/A       1%          7
 Ice Form                 Ice/Tmut       90%        N/A       2%          4
 Summon Forest            Summ/Tloc      50%        N/A       2%          5
 Summon Mana Viper        Hex/Summ       100%       N/A       2%          5
 Starburst                Conj/Fire      56%        6d15      2%          6
 Slow                     Hex            100%       N/A       3%          1
 Silence                  Hex/Air        48%        N/A       3%          5
 Ensorcelled Hibernation  Hex/Ice        100%       N/A       5%          2
 Sublimation of Blood     Necr           58%        N/A       5%          2
 Yara's Violent Unravell  Hex/Tmut       45%        3d18      7%          5
 Freezing Cloud           Conj/Ice/Air   43%        6-21      10%         5
 Confusing Touch          Hex            58%        N/A       11%         3
 Dazzling Flash           Conj/Hex       100%       N/A       11%         3
 Frozen Ramparts          Ice            100%       1d16      11%         3
 Gell's Gravitas          Tloc           58%        N/A       11%         3
 Teleport Other           Tloc           58%        N/A       11%         3
 Tukima's Dance           Hex            58%        N/A       11%         3
 Vampiric Draining        Necr           58%        2d10      11%         3
 Conjure Ball Lightning   Conj/Air       48%        3x3d17    17%         6
 Anguish                  Hex/Necr       29%        N/A       36%         4
 Animate Dead             Necr           58%        N/A       36%         4
 Iskenderun's Mystic Bla  Conj/Tloc      58%        2d12      36%         4
 Olgreb's Toxic Radiance  Pois           58%        N/A       36%         4
 Passage of Golubria      Tloc           58%        N/A       36%         4
 Eringya's Noxious Bog    Tmut/Pois      45%        N/A       36%         6
 Haunt                    Necr/Summ      50%        N/A       56%         7
 Discord                  Hex            29%        N/A       100%        8
 Disjunction              Tloc           29%        N/A       100%        8
 Infestation              Necr           29%        N/A       100%        8


Dungeon Overview and Level Annotations

Branches:
Dungeon (1/1)

Altars:
Ashenzari
Cheibriados
Dithmenos
Fedhas
Gozag
Hepliaklqana
Kikubaaqudgha
Makhleb
Nemelex Xobeh
Okawaru
Qazlal
Ru
Sif Muna
Trog
Uskayaw
Vehumet
Wu Jian
Xom
Yredelemnul
Jiyva
Lugonu


Innate Abilities, Weirdness & Mutations

You have claws for hands.
A meltable icy envelope protects you from harm. (AC +4)
Your magical and physical power is enhanced at high health.
When hurt, damage is shared between your health and your magic reserves.
You regenerate magic rapidly.
When low on magic, you restore magic in place of health.
When seriously injured, your blood forms very thick armour. (AC +0)
A meltable shield of frost defends you. (SH +4)
You are somewhat resistant to further mutation.
You are robust. (+10% HP)


Message History

Cheibriados appreciates the change of pace.
An Orb Guardian comes into view.
The Orb Guardian completely misses you.
The Orb Guardian completely misses you. x2
You block the Orb Guardian's attack.
You closely miss the Orb Guardian. The Orb Guardian completely misses you.
You slash the Orb Guardian! You burn the Orb Guardian.
The Orb Guardian is lightly wounded.
The Orb Guardian closely misses you.
You open the Orb Guardian like a pillowcase!!!
You burn the Orb Guardian!!
You kill the Orb Guardian!
Cheibriados thoroughly appreciates the change of pace.
You are no longer corroded.
Your blood armour dries and flakes away.
Things that are here:
a +1 whip of holy wrath; a +0 robe
There is a huge open gate to the Final Vault (Nightmare!), spattered with blood here.
There is a huge open gate to the Final Vault (Nightmare!) here.
There is a huge open gate to the Vestibule (Extremely Hard) here.
Items here: )) [[.
There is a huge open gate to the Vestibule (Extremely Hard) here.
As you open the huge gate, it creaks loudly!
There is a huge open gate to a Minivault (Hard) here.
There is a huge open gate to a Minivault (Hard) here.
There is a huge open gate to a Minivault (Hard) here.
There is a huge open gate to a Minivault (Hard) here.
There is a huge open gate to the Grid Vault (Hard) here.
There is a huge open gate to the Main Hall (Safe) here.
Things that are here:
a +1 robe; a +0 dagger; a +0 short sword You open the huge gate.
There is a huge open gate to the Grid Vault (Hard) here.
There is a huge open gate to the Grid Vault (Hard) here.
There is an open door to the Entrance Hall (Safe) here.
There is a staircase leading out of the dungeon here.
You can't go down here!
Unknown command.
Unknown command.
You have escaped!

##########.##................''÷.
#...........'................''..
#'#####'#####......#..#......##.÷
#.#..#...'.##................##..
#.#..#...#.#####'#####''#########
#.#..#####.##.......##)'# ##### *
#.#..'...#)##.......##..###...###
#.#..'.÷.'.##.......##...##..†##.
#.#..########...@...###...##'##..
#.#..'.))).##.......# ##......)).
#)#..#[))..##.......###.[###+###.
#)###########.......##..##.....##
#..#.#.##..###########..))).....'
#.......#)############..##.....##
##.#.#.##)#....#..[.###..###+###.
#.......#'#..).#..[.# ##.........
##.#.#.##.)).).'...)#*#...##'##..


There were no monsters in sight!

Vanquished Creatures
  Asmodeus (D)
  Dissolution (D)
  Ereshkigal (D)
  Gloorx Vloq (D)
  the Serpent of Hell (D)
  Mnoleg (D)
  Tiamat (D)
  Dispater (D)
  6 pandemonium lords (D)
  4 orbs of fire (D)
  Mara (D)
  Mennas (D)
  5 ancient liches (D)
  A royal mummy (D)
  the Lernaean hydra (D)
  Margery (D)
  Frederick (D)
  3 curse toes (D)
  Geryon (D)
  Nikola (D)
  15 golden dragons (D)
  2 profane servitors (D)
  Jory (D)
  2 Brimstone Fiends (D)
  3 pearl dragons (D)
  5 bone dragons (D)
  2 Tzitzimimeh (D)
  4 Ice Fiends (D)
  6 tentacled monstrosities (D)
  3 hellephants (D)
  3 Hell Sentinels (D)
  5 electric golems (D)
  6 titans (D)
  4 liches (D)
  27 Orb Guardians (D)
  11 quicksilver dragons (D)
  3 deep elf master archers (D)
  Murray (D)
  5 deep elf blademasters (D)
  2 acid blobs (D)
  2 sphinxes (D)
  2 storm dragons (D)
  12 shadow dragons (D)
  2 frost giants (D)
  2 nagarajas (D)
  3 rockslimes (D)
  3 ghost moths (D)
  A draconian knight (D)
  3 draconian monks (D)
  An azure jelly (D)
  A daeva (D)
  9 iron dragons (D)
  2 balrugs (D)
  Louise (D)
  An emperor scorpion (D)
  6 deep elf sorcerers (D)
  3 draconian stormcallers (D)
  3 angels (D)
  2 reapers (D)
  3 orc warlords (D)
  2 cacodemons (D)
  A draconian annihilator (D)
  3 ghouls (D)
  A stone giant (D)
  3 green draconians (D)
  5 vampire knights (D)
  2 deep elf demonologists (D)
  5 ophanim (D)
  2 minotaurs (D)
  2 deep elf annihilators (D)
  3 red draconians (D)
  2 dire elephants (D)
  2 white draconians (D)
  A purple draconian (D)
  An ettin (D)
  4 deep elf death magi (D)
  3 blizzard demons (D)
  Josephine (D)
  A green death (D)
  2 deep elf high priests (D)
  2 yaktaur captains (D)
  A merfolk impaler (D)
  2 mummy priests (D)
  15 fire dragons (D)
  3 vault guards (D)
  A rakshasa (D)
  2 great orbs of eyes (D)
  Erolcha (D)
  7 ice dragons (D)
  A hell beast (D)
  13 hydras (D)
  2 catoblepae (D)
  4 spriggan air magi (D)
  2 alligator snapping turtles (D)
  An anaconda (D)
  3 death knights (D)
  3 dancing weapons (D)
  3 ogre magi (D)
  3 alligators (D)
  An iron elemental (D)
  9 vampire magi (D)
  A naga warrior (D)
  A spriggan berserker (D)
  A soul eater (D)
  5 deep elf knights (D)
  4 hell knights (D)
  A deep troll (D)
  An iron troll (D)
  2 sixfirhies (D)
  7 skeletal warriors (D)
  2 cherubim (D)
  A lindwurm (D)
  A sea snake (D)
  11 swamp dragons (D)
  7 flayed ghosts (D)
  2 deep elf archers (D)
  4 wizards (D)
  A wolf spider (D)
  12 orc knights (D)
  4 deep elf pyromancers (D)
  3 necromancers (D)
  2 orc sorcerers (D)
  A cyclops (D)
  An ugly thing (D)
  A large abomination (D)
  A manticore (shapeshifter) (D)
  Maurice (D)
  A moth of wrath (D)
  2 guardian serpents (D)
  A rust devil (D)
  A naga mage (D)
  An eye of devastation (D)
  A molten gargoyle (D)
  A gargoyle (D)
  A hellion (D)
  5 yaktaurs (D)
  2 freezing wraiths (D)
  2 ice devils (D)
  2 guardian mummies (D)
  A polar bear (D)
  3 merfolk (D)
  A wind drake (D)
  4 blink frogs (D)
  2 tyrant leeches (D)
  A hornet (D)
  2 snapping turtles (D)
  4 dream sheep (D)
  A shadow (D)
  2 jumping spiders (D)
  5 vampires (D)
  A spriggan (D)
  A wyvern (D)
  3 water elementals (D)
  5 wraiths (D)
  A yak (shapeshifter) (D)
  An air elemental (D)
  3 vampire mosquitoes (D)
  A golden eye (shapeshifter) (D)
  2 golden eyes (D)
  2 steam dragons (D)
  2 fire elementals (D)
  2 wargs (D)
  4 floating eyes (D)
  2 orc warriors (D)
  2 sky beasts (D)
  A swamp drake (D)
  A black bear (D)
  A phantom (D)
  2 small abominations (D)
  A kobold brigand (D)
  2 necrophages (D)
  Blork the orc (D)
  An earth elemental (D)
  6 wights (D)
  5 killer bees (D)
  A hound (D)
  A jelly (D)
  A gnoll bouda (D)
  An orc priest (D)
  An iguana (D)
  5 gnolls (D)
  3 adders (D)
  An ufetubus (D)
  2 adder zombies (D)
  3 adder skeletons (D)
  An orc (D)
  A bat skeleton (D)
  2 bat zombies (D)
  An endoplasm (D)
  3 hobgoblins (D)
  A ball python (D)
  3 ball python simulacra (D)
  2 ball python skeletons (D)
  3 ball python zombies (D)
  A bat (D)
  4 bat simulacra (D)
  3 giant cockroach simulacra (D)
  A giant cockroach zombie (D)
  5 quokka skeletons (D)
  A rat (D)
559 creatures vanquished.

Vanquished Creatures (others)
  A spriggan defender (D)
  A hydra (D)
  A wyvern (D)
  A centaur (D)
4 creatures vanquished.

Grand Total: 563 creatures vanquished

Notes
Turn   | Place    | Note
-------+----------+-------------------------------------------
     0 | D        | rocky1 the Demonspawn Gladiator began the quest for the
                  | Orb.
     0 | D        | Reached XP level 1. HP: 16/16 MP: 1/1
    15 | D        | Reached skill level 1 in Armour
    15 | D        | Gained mutation: You have sharp fingernails. [demonic
                  | ancestry]
    15 | D        | Reached XP level 2. HP: 14/23 MP: 2/2
   243 | D        | Found a bloodstained altar of Trog.
   243 | D        | Found a shimmering blue altar of Sif Muna.
   243 | D        | Found a viscous altar of Jiyva.
   243 | D        | Found a hazy altar of Hepliaklqana.
   243 | D        | Found an opulent altar of Gozag.
   244 | D        | Found a basalt altar of Yredelemnul.
   244 | D        | Found a shimmering altar of Xom.
   244 | D        | Found an ornate altar of the Wu Jian Council.
   244 | D        | Found a sacrificial altar of Ru.
   244 | D        | Found a stormy altar of Qazlal.
   244 | D        | Found an iron altar of Okawaru.
   244 | D        | Found a sparkling altar of Nemelex Xobeh.
   244 | D        | Found a burning altar of Makhleb.
   244 | D        | Found a blossoming altar of Fedhas.
   244 | D        | Found a shadowy altar of Dithmenos.
   244 | D        | Found a snail-covered altar of Cheibriados.
   247 | D        | Found a corrupted altar of Lugonu.
   247 | D        | Found a radiant altar of Vehumet.
   248 | D        | Found an ancient bone altar of Kikubaaqudgha.
   248 | D        | Found a hide-covered altar of Uskayaw.
   248 | D        | Found a broken altar of Ashenzari.
   255 | D        | Became a worshipper of Cheibriados the Contemplative
   299 | D        | Reached * piety under Cheibriados
   324 | D        | Reached ** piety under Cheibriados
   561 | D        | Reached *** piety under Cheibriados
   562 | D        | Reached XP level 3. HP: 13/30 MP: 3/3
   817 | D        | Noticed a kobold brigand
   817 | D        | Noticed a centaur
   817 | D        | Noticed a black bear
   818 | D        | Noticed a sky beast
   819 | D        | Noticed a floating eye
   826 | D        | Killed a centaur
   827 | D        | Reached skill level 5 in Long Blades
   827 | D        | Reached XP level 4. HP: 35/38 MP: 3/5
   828 | D        | Reached **** piety under Cheibriados
   833 | D        | Paralysed by a floating eye for 2 turns
   835 | D        | Killed a sky beast
   836 | D        | Reached skill level 5 in Fighting
   836 | D        | Reached skill level 5 in Dodging
   836 | D        | Gained mutation: You regenerate magic rapidly. [demonic
                  | ancestry]
   836 | D        | Reached XP level 5. HP: 28/44 MP: 3/8
   836 | D        | Paralysed by a floating eye for 4 turns
   842 | D        | Paralysed by a floating eye for 2 turns
   845 | D        | Killed a black bear
   847 | D        | Killed a floating eye
   848 | D        | Reached skill level 5 in Invocations
   848 | D        | Reached XP level 6. HP: 43/52 MP: 6/10
   854 | D        | Reached ***** piety under Cheibriados
   855 | D        | Reached skill level 5 in Armour
   902 | D        | Noticed a sky beast
   905 | D        | Killed a sky beast
   920 | D        | Reached XP level 7. HP: 44/59 MP: 10/12
  1142 | D        | Noticed a jumping spider
  1143 | D        | Reached ****** piety under Cheibriados
  1143 | D        | Killed a jumping spider
  1276 | D        | Noticed a dream sheep
  1276 | D        | Noticed a dream sheep
  1277 | D        | Noticed a dream sheep
  1283 | D        | Reached skill level 10 in Long Blades
  1283 | D        | Gained mutation: When hurt, damage is shared between your
                  | health and your magic reserves. [demonic ancestry]
  1283 | D        | Reached XP level 8. HP: 60/67 MP: 8/14
  1283 | D        | Killed a dream sheep
  1284 | D        | Killed a dream sheep
  1285 | D        | Killed a dream sheep
  1285 | D        | Noticed a dream sheep
  1291 | D        | Killed a dream sheep
  1317 | D        | Noticed a molten gargoyle
  1317 | D        | Noticed a jumping spider
  1322 | D        | Killed a jumping spider
  1323 | D        | Reached skill level 10 in Invocations
  1323 | D        | Gained mutation: When seriously injured, your blood forms
                  | armour. (AC +0) [demonic ancestry]
  1323 | D        | Reached XP level 9. HP: 75/75 MP: 10/16
  1324 | D        | Killed a molten gargoyle
  1343 | D        | Noticed a six-headed hydra
  1343 | D        | Noticed an orc sorcerer
  1356 | D        | Killed an orc sorcerer
  1362 | D        | Killed a one-headed hydra
  1370 | D        | Noticed a guardian serpent
  1375 | D        | Noticed an alligator
  1376 | D        | Noticed a merfolk
  1376 | D        | Noticed an alligator
  1377 | D        | Noticed a swamp dragon
  1377 | D        | Noticed a lindwurm
  1378 | D        | Killed a guardian serpent
  1379 | D        | Reached skill level 10 in Fighting
  1380 | D        | Killed an alligator
  1381 | D        | Gained mutation: You have very sharp fingernails. [demonic
                  | ancestry]
  1381 | D        | Reached XP level 10. HP: 48/86 MP: 12/18
  1382 | D        | Killed a swamp dragon
  1383 | D        | Killed an alligator
  1383 | D        | Killed a lindwurm
  1384 | D        | Reached skill level 10 in Dodging
  1396 | D        | Noticed a gargoyle
  1399 | D        | Noticed a flayed ghost
  1401 | D        | Killed a gargoyle
  1402 | D        | Reached skill level 10 in Armour
  1412 | D        | Killed a flayed ghost
  1423 | D        | Noticed a great orb of eyes
  1423 | D        | Noticed a flayed ghost
  1431 | D        | Killed a flayed ghost
  1432 | D        | Gained mutation: A meltable shield of frost defends you.
                  | (SH +4) [demonic ancestry]
  1432 | D        | Reached XP level 11. HP: 40/94 MP: 3/21
  1435 | D        | Killed a great orb of eyes
  1436 | D        | Reached skill level 15 in Long Blades
  1451 | D        | Noticed a catoblepas
  1479 | D        | Killed a catoblepas
  1724 | D        | Noticed Blork the orc
  1725 | D        | Noticed an alligator snapping turtle
  1728 | D        | Killed Blork the orc
  1749 | D        | Killed an alligator snapping turtle
  2651 | D        | Noticed Josephine
  2651 | D        | Noticed a deep troll
  2654 | D        | Killed a deep troll
  2655 | D        | Reached skill level 15 in Invocations
  2659 | D        | Killed Josephine
  2850 | D        | Noticed a merfolk impaler
  2855 | D        | Killed a merfolk impaler
  2861 | D        | Reached XP level 12. HP: 99/105 MP: 15/23
  2879 | D        | Noticed Maurice
  2896 | D        | Killed Maurice
  3146 | D        | Noticed a profane servitor
  3146 | D        | Noticed an ice dragon
  3146 | D        | Noticed a vampire mage
  3149 | D        | Killed a vampire mage
  3151 | D        | Killed a ghost moth
  3152 | D        | Killed a profane servitor
  3152 | D        | Killed an ice dragon
  3161 | D        | Got the Thoughts on Charmed Combat Magic
  3323 | D        | Learned a level 8 spell: Ignition
  3333 | D        | Noticed a minotaur
  3333 | D        | Noticed an emperor scorpion
  3333 | D        | Noticed a spriggan air mage
  3338 | D        | Noticed a five-headed hydra
  3340 | D        | Killed a spriggan air mage
  3343 | D        | Killed a two-headed hydra
  3344 | D        | Reached skill level 1 in Spellcasting
  3344 | D        | Reached skill level 1 in Fire Magic
  3348 | D        | Killed an emperor scorpion
  3364 | D        | Gained mutation: When low on magic, you restore magic in
                  | place of health. [demonic ancestry]
  3364 | D        | Reached XP level 13. HP: 66/114 MP: 2/25
  3369 | D        | Killed a minotaur
  3387 | D        | Noticed a green draconian
  3400 | D        | Killed a green draconian
  3401 | D        | Reached skill level 15 in Fighting
  3449 | D        | Noticed Erolcha
  3455 | D        | Killed Erolcha
  3623 | D        | Learned a level 2 spell: Wereblood
  3842 | D        | Noticed an orc warlord
  3842 | D        | Noticed an orc warlord
  3846 | D        | Reached skill level 5 in Spellcasting
  3846 | D        | Reached skill level 1 in Transmutations
  3846 | D        | Reached skill level 5 in Fire Magic
  3848 | D        | Killed an orc warlord
  3848 | D        | Killed an orc warlord
  3851 | D        | Noticed a frost giant
  3871 | D        | Killed a frost giant
  3904 | D        | Reached skill level 15 in Dodging
  4368 | D        | Noticed a deep elf demonologist
  4369 | D        | Noticed an Ice Fiend
  4374 | D        | Gained mutation: You have claws for hands. [demonic
                  | ancestry]
  4374 | D        | Reached XP level 14. HP: 71/125 MP: 9/27
  4535 | D        | Noticed a titan
  4543 | D        | Killed a titan
  4544 | D        | Reached skill level 5 in Transmutations
  4668 | D        | Noticed a Tzitzimitl
  4682 | D        | Killed a Tzitzimitl
  4932 | D        | Noticed Mara
  4939 | D        | Noticed rocky1's illusion
  4945 | D        | Noticed an orb of fire
  4950 | D        | Gained mutation: You are frail. (-10% HP) [an orb of fire]
  4951 | D        | Killed Mara
  4953 | D        | Gained mutation: Your body sometimes deteriorates upon
                  | taking damage. [an orb of fire]
  4953 | D        | HP: 2/113 [orb of fire/fireball (23)]
  4958 | D        | Killed an orb of fire
  4959 | D        | Reached skill level 15 in Armour
  5254 | D        | Lost mutation: Your body sometimes deteriorates upon taking
                  | damage. [potion of mutation]
  5254 | D        | Lost mutation: You are frail. (-10% HP) [potion of
                  | mutation]
  5254 | D        | Gained mutation: You are robust. (+10% HP) [potion of
                  | mutation]
  5254 | D        | Gained mutation: You are somewhat resistant to further
                  | mutation. [potion of mutation]
  5435 | D        | Noticed a sphinx
  5440 | D        | Killed a sphinx
  5460 | D        | Noticed a curse toe
  5460 | D        | Noticed a cacodemon
  5460 | D        | Noticed a titan
  5470 | D        | Killed a titan
  5473 | D        | Killed a curse toe
  5477 | D        | Killed a cacodemon
  5880 | D        | Noticed a Brimstone Fiend
  5891 | D        | Killed a Brimstone Fiend
  6267 | D        | Noticed Jory
  6279 | D        | Killed Jory
  6486 | D        | Noticed an Ice Fiend
  6492 | D        | Killed an Ice Fiend
  6778 | D        | Noticed a deep elf master archer
  6785 | D        | Killed a deep elf master archer
  7320 | D        | Noticed a nagaraja
  7342 | D        | Killed a nagaraja
  7806 | D        | Gained mutation: Your magical and physical power is
                  | slightly enhanced at high health. [demonic ancestry]
  7806 | D        | Reached XP level 15. HP: 91/147 MP: 24/29
  8240 | D        | Noticed a deep elf blademaster
  8243 | D        | Noticed a deep elf master archer
  8243 | D        | Noticed a bone dragon
  8243 | D        | Noticed a deep elf blademaster
  8246 | D        | Killed a deep elf blademaster
  8246 | D        | Killed a deep elf blademaster
  8246 | D        | Noticed a quicksilver dragon
  8254 | D        | Killed a bone dragon
  8257 | D        | Killed a deep elf master archer
  8258 | D        | Killed a quicksilver dragon
  8639 | D        | Noticed a nagaraja
  8652 | D        | Killed a nagaraja
  8715 | D        | Noticed a hellephant
  8715 | D        | Noticed a daeva
  8718 | D        | Reached skill level 27 in Long Blades
  8743 | D        | Killed a hellephant
  8906 | D        | Killed a daeva
  9350 | D        | Noticed a lich
  9350 | D        | Noticed a lich
  9350 | D        | Noticed a bone dragon
  9350 | D        | Noticed a lich
  9350 | D        | Noticed a lich
  9350 | D        | Noticed a bone dragon
  9350 | D        | Noticed a bone dragon
  9357 | D        | Killed a lich
  9358 | D        | Killed a lich
  9358 | D        | Killed a lich
  9359 | D        | Gained mutation: A meltable icy envelope protects you from
                  | harm. (AC +4) [demonic ancestry]
  9359 | D        | Reached XP level 16. HP: 141/172 MP: 12/30
  9360 | D        | Killed a lich
  9365 | D        | Killed a bone dragon
  9369 | D        | Killed a bone dragon
  9374 | D        | Killed a bone dragon
  9508 | D        | Got the +1 buckler of the Untouchables {Dex+2}
  9541 | D        | Got a silver rune of Zot
  9576 | D        | Got the +4 helmet of the Ladybird {rPois Str+2 Dex+4}
  9679 | D        | Reached skill level 27 in Fighting
  9694 | D        | Noticed a deep elf blademaster
  9701 | D        | Killed a deep elf blademaster
  9722 | D        | Noticed a Hell Sentinel
  9735 | D        | Killed a Hell Sentinel
  9785 | D        | Noticed a tentacled monstrosity
  9797 | D        | Killed a tentacled monstrosity
  9977 | D        | Noticed a golden dragon
  9985 | D        | Killed a golden dragon
 10040 | D        | Noticed a deep elf blademaster
 10046 | D        | Killed a deep elf blademaster
 10196 | D        | Noticed a deep elf blademaster
 10196 | D        | Noticed a quicksilver dragon
 10196 | D        | Noticed an ancient lich
 10198 | D        | Killed a quicksilver dragon
 10201 | D        | Killed a deep elf blademaster
 10203 | D        | Killed an ancient lich
 10360 | D        | Noticed a tentacled monstrosity
 10360 | D        | Noticed a quicksilver dragon
 10367 | D        | Killed a tentacled monstrosity
 10374 | D        | Killed a quicksilver dragon
 10666 | D        | Noticed Mnoleg
 10667 | D        | Noticed a tentacled monstrosity
 10668 | D        | a tentacled monstrosity changed into a Brimstone Fiend
 10668 | D        | Noticed a Brimstone Fiend
 10671 | D        | Noticed a tentacled monstrosity
 10671 | D        | Noticed a tentacled monstrosity
 10682 | D        | Killed Mnoleg
 10683 | D        | Gained mutation: When seriously injured, your blood forms
                  | thick armour. (AC +0) [demonic ancestry]
 10683 | D        | Reached XP level 17. HP: 38/191 MP: 7/31
 11004 | D        | Noticed Nikola
 11004 | D        | Noticed the 27-headed Lernaean hydra
 11004 | D        | Noticed a hellephant
 11004 | D        | Noticed a titan
 11009 | D        | Noticed Louise
 11019 | D        | Killed Nikola
 11033 | D        | Killed Louise
 11058 | D        | Killed the 21-headed Lernaean hydra
 11066 | D        | Killed a hellephant
 11076 | D        | Killed a titan
 11420 | D        | Got the amulet "Tawysiar" {Acrobat Int+4 Dex+2}
 11422 | D        | Got the ring "Imocafra" {Wiz rElec rN+}
 11425 | D        | Got the ring of Namint Mozu {rElec rPois rN+ Slay+3 Stlth-}
 11427 | D        | Got the ring "Ylural" {Ice rElec rN+ Str-3 Stlth+}
 11429 | D        | Got the ring of Adaned {Fly rCorr}
 11431 | D        | Got the ring "Mudaz" {rPois rF+ rN+}
 11433 | D        | Got the amulet of Femiopei {Spirit Str+2 Int+4}
 11519 | D        | Found the +10 dark maul {heavy}
 11532 | D        | Found the +15 Maxwell's patent armour {-Cast -Tele rElec
                  | Will+ rCorr}
 11549 | D        | Got the +10 gold dragon scales "Poorah" {+Blink +Inv rPois
                  | rF+ rC+ Will- Regen+}
 11661 | D        | Noticed an ancient lich
 11667 | D        | Killed an ancient lich
 11960 | D        | Paralysed by an ogre mage for 2 turns
 12105 | D        | Got the Catalogue of Company
 12110 | D        | Got the Codex of the Birds and the Entourage
 12116 | D        | Got the Writings on Location
 12218 | D        | Got the ring "Fangily" {Ice rN+}
 12220 | D        | Got the ring of the Ferocious Apple {rPois MP+9 Str+3}
 12222 | D        | Got the ring "Fyseffin" {Dex+6 SInv}
 12224 | D        | Got the ring "Vuuraum" {Fly MP+9 Str+6}
 12226 | D        | Got the ring of Absolutism {rElec Dex+6}
 12228 | D        | Got the ring of Jareesm {rF+ EV+6 Int+3}
 12230 | D        | Got the ring of Finality {Will+ MP+9 Int+4 Dex+3}
 12232 | D        | Got the ring "Olaahits" {*Slow rPois rN+ Str+6}
 12234 | D        | Got the ring "Oleq" {Will+ rCorr Dex+2 Stlth+}
 12236 | D        | Got the ring "Vojeny" {Str+4 Int+3 Dex+6 SInv}
 12238 | D        | Got the ring of Generosity {Fire rCorr Dex+2}
 12240 | D        | Got the ring of Iphal {rF- rC+ AC+6 Stlth+}
 12242 | D        | Got the ring of the Endless Expanse {EV+6 Str+4}
 12270 | D        | Got the amulet of Pyromania {Faith rC+ rN+ Slay+3}
 12273 | D        | Got the ring of Music {rPois Str+2 Int+6 Dex-5 SInv}
 12275 | D        | Got the amulet "Beawk" {Spirit -Tele Harm *Corrode SInv}
 12277 | D        | Got the amulet "Meajyan" {Acrobat Dex+5 Slay+3}
 12279 | D        | Got the amulet "Zoipsopha" {RegenMP Int+3}
 12281 | D        | Got the amulet "Qytisikh" {Spirit -Cast rF+ rN++}
 12283 | D        | Got the amulet "Vizaemuh" {RegenMP Harm Str+2 Int+2 Dex+3}
 12285 | D        | Got the amulet of Satyriasis {Reflect Int-5 Dex+5 SH+5
                  | SInv}
 12287 | D        | Got the amulet "Igicuwev" {Harm rC++ Regen+}
 12289 | D        | Got the ring "Amizaad" {rElec EV+5 Dex+3}
 12291 | D        | Got the ring "Ynkurof" {*Slow rElec Str+5 Slay+5}
 12293 | D        | Got the ring "Myceudia" {rElec AC+4 Int-5 Slay+2}
 12435 | D        | Noticed a bone dragon
 12444 | D        | Killed a bone dragon
 12464 | D        | Noticed a pearl dragon
 12469 | D        | Killed a pearl dragon
 12805 | D        | Noticed the Serpent of Hell
 12818 | D        | Noticed a quicksilver dragon
 12819 | D        | Killed the Serpent of Hell
 13034 | D        | Noticed an Ice Fiend
 13036 | D        | Killed an Ice Fiend
 13046 | D        | Reached skill level 27 in Dodging
 13048 | D        | Noticed Meqy the pandemonium lord
 13054 | D        | Noticed Tayn the pandemonium lord
 13054 | D        | Killed Meqy the pandemonium lord
 13070 | D        | Killed Tayn the pandemonium lord
 13071 | D        | Reached skill level 27 in Armour
 13071 | D        | Gained mutation: When seriously injured, your blood forms
                  | very thick armour. (AC +0) [demonic ancestry]
 13071 | D        | Reached XP level 18. HP: 51/200 MP: 10/32
 13464 | D        | Noticed a curse toe
 13468 | D        | Killed a curse toe
 13469 | D        | Reached skill level 10 in Spellcasting
 13469 | D        | Reached skill level 10 in Fire Magic
 13470 | D        | Noticed an Ice Fiend
 13473 | D        | Killed an Ice Fiend
 13476 | D        | Noticed an orb of fire
 13483 | D        | Killed an orb of fire
 13490 | D        | Noticed a pearl dragon
 13495 | D        | Killed a pearl dragon
 13497 | D        | Noticed an orb of fire
 13497 | D        | Noticed Margery
 13504 | D        | Killed an orb of fire
 13511 | D        | Killed Margery
 13513 | D        | Noticed an electric golem
 13519 | D        | Killed an electric golem
 13762 | D        | Noticed Geryon
 13770 | D        | Killed Geryon
 13774 | D        | Noticed a tentacled monstrosity
 13777 | D        | Killed a tentacled monstrosity
 13788 | D        | Reached skill level 15 in Spellcasting
 14097 | D        | Reached skill level 15 in Fire Magic
 14100 | D        | Found the +4 dragonskin cloak
 14100 | D        | Noticed Tiamat
 14127 | D        | Killed Tiamat
 14133 | D        | Noticed a golden dragon
 14139 | D        | Killed a golden dragon
 14140 | D        | Noticed a royal mummy
 14150 | D        | Killed a royal mummy
 14376 | D        | Noticed Guurul the pandemonium lord
 14385 | D        | Killed Guurul the pandemonium lord
 14493 | D        | Noticed an electric golem
 14500 | D        | Noticed Murray
 14502 | D        | Killed an electric golem
 14509 | D        | Noticed a tentacled monstrosity
 14513 | D        | Killed Murray
 14517 | D        | Killed a tentacled monstrosity
 14655 | D        | Noticed a pearl dragon
 14660 | D        | Killed a pearl dragon
 15025 | D        | Noticed Ereshkigal
 15042 | D        | Killed Ereshkigal
 15665 | D        | Noticed an Ice Fiend
 15669 | D        | Killed an Ice Fiend
 15688 | D        | Got the ring "Ettekas" {rPois Dex+6 Slay+2}
 15690 | D        | Got the ring "Nosinawk" {+Blink rElec Str+2 Int+6}
 15703 | D        | Got the ring of Xymuakh {+Blink rPois}
 15706 | D        | Got the ring "Cautin" {*Corrode rElec Str+2 Int+3 Dex+6}
 15709 | D        | Got an iron rune of Zot
 15718 | D        | Got the ring of Qushuan {rF+ Int+2}
 15720 | D        | Got the ring of Huewinum {rF+ rN++ Str+6 Int+10 Stlth-}
 15722 | D        | Got the ring "Beroj" {Fly Str+3 Int+2}
 15725 | D        | Got the ring of Ecomy {+Blink AC+4 Dex+4}
 15728 | D        | Got the ring of Vozosuts {AC+4 Slay+3}
 15871 | D        | Noticed a golden dragon
 15871 | D        | Noticed a golden dragon
 15871 | D        | Noticed a golden dragon
 15871 | D        | Noticed a golden dragon
 15871 | D        | Noticed a golden dragon
 15871 | D        | Noticed a golden dragon
 15875 | D        | Killed a golden dragon
 15875 | D        | Killed a golden dragon
 15875 | D        | Killed a golden dragon
 15875 | D        | Killed a golden dragon
 15875 | D        | Noticed a golden dragon
 15876 | D        | Gained mutation: Your magical and physical power is
                  | enhanced at high health. [demonic ancestry]
 15876 | D        | Reached XP level 19. HP: 207/207 MP: 20/45
 15878 | D        | Killed a golden dragon
 15879 | D        | Noticed a golden dragon
 15879 | D        | Noticed a golden dragon
 15879 | D        | Noticed a golden dragon
 15880 | D        | Noticed a golden dragon
 15881 | D        | Killed a golden dragon
 15881 | D        | Killed a golden dragon
 15881 | D        | Killed a golden dragon
 15881 | D        | Killed a golden dragon
 15882 | D        | Killed a golden dragon
 15882 | D        | Killed a golden dragon
 15895 | D        | Noticed a golden dragon
 15900 | D        | Noticed a golden dragon
 15901 | D        | Reached skill level 27 in Spellcasting
 15901 | D        | Reached skill level 27 in Fire Magic
 15903 | D        | Killed a golden dragon
 15906 | D        | Reached skill level 10 in Transmutations
 15920 | D        | Killed a golden dragon
 15987 | D        | Got a golden rune of Zot
 16038 | D        | Got the Enchiridion on the Foul Wyrd
 16259 | D        | Learned a level 4 spell: Animate Armour
 16266 | D        | Learned a level 6 spell: Plasma Beam
 16281 | D        | Reached skill level 1 in Summonings
 16281 | D        | Reached skill level 1 in Earth Magic
 16281 | D        | Reached skill level 1 in Evocations
 16284 | D        | Reached skill level 1 in Air Magic
 16522 | D        | Noticed an ancient lich
 16522 | D        | Noticed an electric golem
 16523 | D        | Noticed a hellephant
 16529 | D        | Reached skill level 5 in Throwing
 16529 | D        | Reached skill level 5 in Summonings
 16529 | D        | Reached skill level 5 in Air Magic
 16529 | D        | Reached skill level 5 in Earth Magic
 16529 | D        | Reached skill level 5 in Evocations
 16529 | D        | Killed an ancient lich
 16530 | D        | Reached XP level 20. HP: 213/216 MP: 38/51
 16531 | D        | Noticed a curse toe
 16534 | D        | Noticed Qosuffij the pandemonium lord
 16536 | D        | Killed Qosuffij the pandemonium lord
 16550 | D        | Killed a curse toe
 16853 | D        | Reached skill level 10 in Summonings
 16857 | D        | Reached skill level 10 in Evocations
 16857 | D        | Noticed Mennas
 16860 | D        | Noticed Kayxyrch the pandemonium lord
 16860 | D        | Noticed an ancient lich
 16860 | D        | Noticed Frederick
 16876 | D        | Killed Mennas
 16877 | D        | Reached skill level 10 in Throwing
 16877 | D        | Reached skill level 10 in Air Magic
 16877 | D        | Reached skill level 10 in Earth Magic
 16884 | D        | Killed Kayxyrch the pandemonium lord
 16887 | D        | Killed an ancient lich
 16897 | D        | Killed Frederick
 17180 | D        | Noticed Dispater
 17180 | D        | Noticed an orb of fire
 17180 | D        | Noticed an ancient lich
 17181 | D        | Noticed Dissolution
 17181 | D        | Noticed Gloorx Vloq
 17183 | D        | Noticed a profane servitor
 17188 | D        | Killed an orb of fire
 17192 | D        | Killed an ancient lich
 17197 | D        | Killed Dissolution
 17197 | D        | Found the +13 sceptre of Asmodeus
 17197 | D        | Noticed Asmodeus
 17198 | D        | Reached skill level 15 in Summonings
 17198 | D        | Killed a profane servitor
 17199 | D        | Killed Gloorx Vloq
 17199 | D        | Noticed Lerrasm the pandemonium lord
 17200 | D        | Reached skill level 27 in Invocations
 17200 | D        | Reached skill level 15 in Evocations
 17215 | D        | HP: 9/216 [Dispater/iron shot (49)]
 17224 | D        | Killed Lerrasm the pandemonium lord
 17225 | D        | Reached skill level 15 in Throwing
 17230 | D        | Killed Dispater
 17231 | D        | Reached skill level 15 in Air Magic
 17231 | D        | Reached skill level 15 in Earth Magic
 17231 | D        | Reached XP level 21. HP: 57/224 MP: 20/52
 17254 | D        | Killed Asmodeus
 17911 | D        | Got the Orb of Zot
 18054 | D        | Escaped with the Orb!

Illustrated notes

Levels and vault maps discovered:
D:        pitsprint [storerooms_1, entrance_room_1, metal_vault_5, armoury_1,
          mini_pit_1, grid_room_1, main_hall_1, silver_pit, the_coven_3,
          the_vestibule_1, steel_vault_1, golden_pit, hallway_of_sentries,
          crystal_vault_4, iron_vault_3, final_vault]

Skill      XL: |  1  2  3  4  5  6  7  8  9 10 11 12 13 14 15 16 17 18 19 20 21 |
---------------+----------------------------------------------------------------+-----
Long Blades    | 3 4 5 6 7 8 10 11 13 14 16 18 20 23 27 | 27.0
Armour         | 1 2 3 4 5 6 7 9 10 12 13 14 15 20 27 | 27.0
Dodging        | 3 4 5 6 7 8 9 10 12 13 15 17 22 27 | 27.0
Fighting       | 3 4 5 6 7 8 10 11 13 14 16 17 23 27 | 27.0
Invocations    | 2 4 5 6 8 10 11 13 15 17 19 20 22 27 | 27.0
Spellcasting   | 3 6 9 22 27 | 27.0
Fire Magic     | 3 6 9 22 27 | 27.0
Transmutations | 4 7 8 13 | 13.2
Throwing       | 6 15 17 | 17.3
Summonings     | 6 16 18 | 18.6
Earth Magic    | 6 15 17 | 17.2
Evocations     | 6 16 18 | 18.3
Air Magic      | 6 15 17 | 17.2

Action                     |  1- 3 |  4- 6 |  7- 9 | 10-12 | 13-15 | 16-18 | 19-21 || total
---------------------------+-------+-------+-------+-------+-------+-------+-------++-------
  Melee: Long sword        |    41 |    30 |    11 |       |       |       |       ||    82
         Punch             |     1 |       |     1 |     3 |     4 |       |       ||     9
         Scimitar          |       |       |    28 |   163 |   121 |       |       ||   312
         Demon blade       |       |       |       |       |   223 |   448 |   239 ||   910
  Throw: Throwing net      |       |       |       |     1 |       |       |       ||     1
         Dart              |       |       |       |       |     5 |       |       ||     5
   Cast: Wereblood         |       |       |       |       |     3 |     4 |     3 ||    10
         Ignition          |       |       |       |       |       |     1 |    19 ||    20
         Animate Armour    |       |       |       |       |       |       |     1 ||     1
 Invoke: Slouch            |       |       |     6 |    19 |    39 |    24 |     7 ||    95
         Temporal Distorti |       |       |       |       |     1 |       |       ||     1
Ability: Evoke Damnation   |       |       |       |       |       |       |     1 ||     1
    Use: Potion            |     3 |     2 |     1 |     2 |    13 |     5 |    15 ||    41
         Scroll            |       |       |       |       |    11 |     1 |     3 ||    15
   Stab: Invisible         |     1 |       |       |       |       |       |       ||     1
         Petrifying        |       |       |       |       |     4 |       |       ||     4
 Armour: Leather armour    |     5 |       |       |       |       |       |       ||     5
         Scale mail        |     4 |    25 |     2 |       |       |       |       ||    31
         Chain mail        |       |       |    21 |    59 |    23 |       |       ||   103
         Gold dragon scale |       |       |       |       |    80 |   193 |   143 ||   416
  Dodge: Dodged            |    46 |    19 |    54 |   192 |   261 |   626 |   487 ||  1685
  Block: Other             |       |       |       |    23 |    15 |       |       ||    38
         Orb               |       |       |       |       |    26 |    57 |    36 ||   119

Table legend: (Time is in decaauts) A = Elapsed time spent in this place. B = Non-inter-level travel time spent in this place. C = Inter-level travel time spent in this place. D = Time resting spent in this place. E = Time spent auto-exploring this place. F = Levels seen in this place. G = Mean time per level. A B C D E F G +--------+--------+--------+--------+--------+-----+--------+ Total | 20796 | 20394 | 402 | 12621 | 0 | 1 | 20796.0 | Dungeon | 20796 | 20394 | 402 | 12621 | 0 | 1 | 20796.0 | +--------+--------+--------+--------+--------+-----+--------+

Top non-repeatable levels by time:
       D: 20796 daAuts
